3A
GALESBURG GUZZLERS @ CONNETQUOT CHIEFS
07/19/2026
 
TOP OF THE 1ST
Galesburg Guzzlers batting - Pitching for Connetquot Chiefs : LHP Mathieu Neri
Pitching: LHP Mathieu Neri
Batting: RHB Eun-bum Kim 0-0: Ball
1-0: Ball
2-0: Called Strike
2-1: Swinging Strike
2-2: Foul Ball, location: 2F
2-2: Ball
3-2: Foul Ball, location: 2F
3-2: Strikes out swinging
Batting: RHB Toussiant L'Ouverture 0-0: Ball
1-0: Ball
2-0: Swinging Strike
2-1: Called Strike
2-2: Foul Ball, location: 2F
2-2: Strikes out swinging, 2-3 out at first.
Batting: LHB Daniel Faraday 0-0: Called Strike
0-1: Called Strike
0-2: SINGLE (Groundball, 34D)
Batting: LHB Shahid Afridi 0-0: Called Strike
0-1: Ball
1-1: Called Strike
1-2: Foul Ball, location: 2F
1-2: Strikes out swinging
Top of the 1st over - 0 run(s), 1 hit(s), 0 error(s), 1 left on base; Galesburg 0 - Connetquot 0
BOTTOM OF THE 1ST
Connetquot Chiefs batting - Pitching for Galesburg Guzzlers : LHP Gabriel Valenzuela
Pitching: LHP Gabriel Valenzuela
Batting: RHB Serafino Miceli 0-0: Ground out 5-3 (Groundball, 56)
Batting: RHB Abad Lugo 0-0: Ball
1-0: Ball
2-0: Foul Ball, location: 2F
2-1: Foul Ball, location: 2F
2-2: SINGLE (Line Drive, 9S)
Batting: RHB Emanuel Bree 0-0: Ball
1-0: Ball
2-0: Foul Ball, location: 2F
2-1: Ball
3-1: Foul Ball, location: 2F
3-2: Foul Ball, location: 2F
3-2: Base on Balls
Abad Lugo to second
Batting: RHB Dale Quick 0-0: Called Strike
0-1: Ball
Wild Pitch!
Abad Lugo to third
Emanuel Bree to second
1-1: Swinging Strike
1-2: Ball
2-2: Ball
3-2: Strikes out swinging
Batting: RHB Javier Cordero 0-0: Foul Ball, location: 2F
0-1: Ball
1-1: Ball
2-1: Foul Ball, location: 2F
2-2: Strikes out swinging
Bottom of the 1st over - 0 run(s), 1 hit(s), 0 error(s), 2 left on base; Galesburg 0 - Connetquot 0
TOP OF THE 2ND
Galesburg Guzzlers batting - Pitching for Connetquot Chiefs : LHP Mathieu Neri
Batting: LHB Walter Roda 0-0: Foul Ball, location: 2F
0-1: Called Strike
0-2: Foul Ball, location: 2F
0-2: Strikes out swinging, 2-3 out at first.
Batting: RHB Willis Kirkendall 0-0: Swinging Strike
0-1: Ball
1-1: Ball
2-1: Swinging Strike
2-2: Ball
3-2: Strikes out swinging
Batting: RHB José Díaz 0-0: Called Strike
0-1: Ground out 5-3 (Groundball, 5)
Top of the 2nd over - 0 run(s), 0 hit(s), 0 error(s), 0 left on base; Galesburg 0 - Connetquot 0
BOTTOM OF THE 2ND
Connetquot Chiefs batting - Pitching for Galesburg Guzzlers : LHP Gabriel Valenzuela
Batting: RHB DeAndre Thomas 0-0: Ball
1-0: Ball
2-0: Called Strike
2-1: Foul Ball, location: 2F
2-2: Strikes out swinging
Batting: RHB Alfredo Escalante 0-0: Foul Ball, location: 2F
0-1: Foul Ball, location: 2F
0-2: Foul Ball, location: 2F
0-2: Foul Ball, location: 2F
0-2: Ball
1-2: Foul Ball, location: 2F
1-2: Ball
2-2: Ball
3-2: Base on Balls
Batting: RHB Creed Bratton 0-0: Ball
1-0: Ball
2-0: Called Strike
2-1: Ball
3-1: Called Strike
3-2: Strikes out swinging
Batting: LHB Pedro Colón 0-0: Fly out, F3 (Popup, 3)
Bottom of the 2nd over - 0 run(s), 0 hit(s), 0 error(s), 1 left on base; Galesburg 0 - Connetquot 0
TOP OF THE 3RD
Galesburg Guzzlers batting - Pitching for Connetquot Chiefs : LHP Mathieu Neri
Batting: SHB Benedict Patel 0-0: DOUBLE (Line Drive, 3D)
Batting: RHB Chet Hollis 0-0: Ball
Benedict Patel steals 3rd base
1-0: Fly out, F4 (Popup, 4D)
Batting: RHB Eun-bum Kim 0-0: Called Strike
0-1: Foul Ball, location: 2F
0-2: Ball
1-2: Foul Ball, location: 2F
1-2: Ball
2-2: Ball
3-2: Strikes out swinging
Batting: RHB Toussiant L'Ouverture 0-0: Called Strike
0-1: Swinging Strike
0-2: Ball
1-2: Fly out, F5 (Popup, 5S)
Top of the 3rd over - 0 run(s), 1 hit(s), 0 error(s), 1 left on base; Galesburg 0 - Connetquot 0
BOTTOM OF THE 3RD
Connetquot Chiefs batting - Pitching for Galesburg Guzzlers : LHP Gabriel Valenzuela
Batting: RHB Serafino Miceli 0-0: Foul Ball, location: 2F
0-1: Foul Ball, location: 2F
0-2: Strikes out looking
Batting: RHB Abad Lugo 0-0: Called Strike
0-1: Called Strike
0-2: Ball
1-2: Strikes out looking
Batting: RHB Emanuel Bree 0-0: DOUBLE (Flyball, 8RM)
Batting: RHB Dale Quick 0-0: Called Strike
0-1: Called Strike
0-2: Ball
1-2: Ball
2-2: Ball
3-2: Ground out 5-3 (Groundball, 5L)
Bottom of the 3rd over - 0 run(s), 1 hit(s), 0 error(s), 1 left on base; Galesburg 0 - Connetquot 0
TOP OF THE 4TH
Galesburg Guzzlers batting - Pitching for Connetquot Chiefs : LHP Mathieu Neri
Batting: LHB Daniel Faraday 0-0: Foul Ball, location: 2F
0-1: Ball
1-1: Swinging Strike
1-2: Foul Ball, location: 2F
1-2: SINGLE (Groundball, 34D)
Batting: LHB Shahid Afridi 0-0: Called Strike
0-1: Called Strike
0-2: Strikes out swinging
Batting: LHB Walter Roda 0-0: Called Strike
Daniel Faraday steals 2nd base
0-1: Ball
1-1: Ball
2-1: Called Strike
Daniel Faraday is caught stealing 3rd base
2-2: Strikes out swinging
Top of the 4th over - 0 run(s), 1 hit(s), 0 error(s), 0 left on base; Galesburg 0 - Connetquot 0
BOTTOM OF THE 4TH
Connetquot Chiefs batting - Pitching for Galesburg Guzzlers : LHP Gabriel Valenzuela
Batting: RHB Javier Cordero 0-0: Ball
1-0: Foul Ball, location: 2F
1-1: Ball
2-1: Ball
3-1: Base on Balls
Batting: RHB DeAndre Thomas 0-0: Called Strike
0-1: Ball
1-1: Ball
2-1: Foul Ball, location: 2F
2-2: Reached on error, E6 (Groundball, 6)
Javier Cordero to second
Batting: RHB Alfredo Escalante 0-0: Ball
1-0: Called Strike
1-1: Foul Ball, location: 2F
1-2: Ball
2-2: Fly out, F7 (Flyball, 78D)
Batting: RHB Creed Bratton 0-0: Ball
1-0: Called Strike
Javier Cordero steals 3rd base
DeAndre Thomas to second
1-1: Foul Ball, location: 2F
1-2: Ball
2-2: Reached on error, E8 (Flyball, 8RM)
Javier Cordero scores
DeAndre Thomas to third
Batting: LHB Pedro Colón 0-0: Ball
1-0: Called Strike
1-1: Foul Ball, location: 2F
1-2: Strikes out looking
Batting: RHB Serafino Miceli 0-0: Ball
1-0: Foul Ball, location: 2F
1-1: Ball
2-1: Ball
3-1: Foul Ball, location: 2F
3-2: Strikes out looking
Bottom of the 4th over - 1 run(s), 0 hit(s), 2 error(s), 2 left on base; Galesburg 0 - Connetquot 1
TOP OF THE 5TH
Galesburg Guzzlers batting - Pitching for Connetquot Chiefs : LHP Mathieu Neri
Batting: RHB Willis Kirkendall 0-0: Ground out 1-3 (Groundball, 15S)
Batting: RHB José Díaz 0-0: Fly out, F9 (Flyball, 9S)
Batting: SHB Benedict Patel 0-0: Called Strike
0-1: Foul Ball, location: 2F
0-2: Ball
1-2: Ball
2-2: Strikes out looking
Top of the 5th over - 0 run(s), 0 hit(s), 0 error(s), 0 left on base; Galesburg 0 - Connetquot 1
BOTTOM OF THE 5TH
Connetquot Chiefs batting - Pitching for Galesburg Guzzlers : LHP Gabriel Valenzuela
Batting: RHB Abad Lugo 0-0: Called Strike
0-1: Ball
1-1: Fly out, F7 (Flyball, 7S)
Batting: RHB Emanuel Bree 0-0: Called Strike
0-1: Ball
1-1: Foul Ball, location: 2F
1-2: Ball
2-2: Strikes out swinging
Batting: RHB Dale Quick 0-0: Ball
1-0: Ball
2-0: Ball
3-0: Base on Balls
Batting: RHB Javier Cordero 0-0: Swinging Strike
0-1: Ball
1-1: Fly out, F8 (Flyball, 8LM)
Bottom of the 5th over - 0 run(s), 0 hit(s), 0 error(s), 1 left on base; Galesburg 0 - Connetquot 1
TOP OF THE 6TH
Galesburg Guzzlers batting - Pitching for Connetquot Chiefs : LHP Mathieu Neri
Batting: RHB Chet Hollis 0-0: Foul Ball, location: 2F
0-1: Swinging Strike
0-2: Strikes out swinging
Batting: RHB Eun-bum Kim 0-0: Called Strike
0-1: Ball
1-1: Ground out 5-3 (Groundball, 5L)
Batting: RHB Toussiant L'Ouverture 0-0: Called Strike
0-1: Called Strike
0-2: SINGLE (Line Drive, 34D)
Batting: LHB Daniel Faraday 0-0: Ball
1-0: Ball
2-0: DOUBLE (Line Drive, 78M)
Toussiant L'Ouverture to third
Batting: LHB Shahid Afridi 0-0: SINGLE (Groundball, 4M) (infield hit)
Toussiant L'Ouverture scores
Daniel Faraday to third
Batting: LHB Walter Roda 0-0: Ball
1-0: Called Strike
1-1: Fly out, F8 (Flyball, 8RS)
Top of the 6th over - 1 run(s), 3 hit(s), 0 error(s), 2 left on base; Galesburg 1 - Connetquot 1
BOTTOM OF THE 6TH
Connetquot Chiefs batting - Pitching for Galesburg Guzzlers : LHP Gabriel Valenzuela
Batting: RHB DeAndre Thomas 0-0: Ground out 5-3 (Groundball, 56S)
Batting: RHB Alfredo Escalante 0-0: Called Strike
0-1: Ball
1-1: Swinging Strike
1-2: Ball
2-2: Strikes out looking
Batting: RHB Creed Bratton 0-0: Ball
1-0: Called Strike
1-1: Called Strike
1-2: Strikes out swinging
Bottom of the 6th over - 0 run(s), 0 hit(s), 0 error(s), 0 left on base; Galesburg 1 - Connetquot 1
TOP OF THE 7TH
Galesburg Guzzlers batting - Pitching for Connetquot Chiefs : LHP Mathieu Neri
Batting: RHB Willis Kirkendall 0-0: Called Strike
0-1: Foul Ball, location: 2F
0-2: Ball
1-2: Strikes out swinging
Batting: RHB José Díaz 0-0: Called Strike
0-1: Ball
1-1: Called Strike
1-2: Foul Ball, location: 2F
1-2: SINGLE (Groundball, 56D)
Pinch Hitting: RHB José Alfaro 0-0: Called Strike
0-1: Ball
1-1: Called Strike
1-2: Ground out 5-3 (Groundball, 56S)
José Díaz to second
Pinch Hitting: RHB Lee Allen 0-0: Swinging Strike
0-1: Swinging Strike
0-2: Ground out 5-3 (Groundball, 56)
Top of the 7th over - 0 run(s), 1 hit(s), 0 error(s), 1 left on base; Galesburg 1 - Connetquot 1
BOTTOM OF THE 7TH
Connetquot Chiefs batting - Pitching for Galesburg Guzzlers : LHP Gabriel Valenzuela
Now at SS: Félix Fernández
Now in CF: José Alfaro
Batting: LHB Pedro Colón 0-0: Ball
1-0: Foul Ball, location: 2F
1-1: Ball
2-1: Foul Ball, location: 2F
2-2: Ball
3-2: Foul Ball, location: 2F
3-2: Foul Ball, location: 2F
3-2: Foul Ball, location: 2F
3-2: Strikes out swinging
Pitching: RHP Ernst Chia
Pinch Hitting: RHB Jim Unknown 0-0: Ball
1-0: Fly out, F9 (Flyball, 9S)
Batting: RHB Abad Lugo 0-0: Ground out 6-3 (Groundball, 6M)
Bottom of the 7th over - 0 run(s), 0 hit(s), 0 error(s), 0 left on base; Galesburg 1 - Connetquot 1
TOP OF THE 8TH
Galesburg Guzzlers batting - Pitching for Connetquot Chiefs : LHP Mathieu Neri
Now at 3B: Jim Unknown
Pinch Hitting: RHB Young-hoon Im 0-0: Foul Ball, location: 2F
0-1: Ball
1-1: Called Strike
1-2: Ball
2-2: Strikes out swinging
Batting: RHB Toussiant L'Ouverture 0-0: Called Strike
0-1: SINGLE (Groundball, 6MD)
Pitching: LHP Powell Beauregard
Batting: LHB Daniel Faraday 0-0: Called Strike
0-1: Ball
1-1: Ball
2-1: Called Strike
2-2: Ball
3-2: Strikes out swinging
Pinch Hitting: RHB Héctor Álvarez 0-0: SINGLE (Line Drive, 4MD)
Toussiant L'Ouverture to second
Throwing error, E8
Toussiant L'Ouverture scores
Héctor Álvarez to second
Batting: LHB Walter Roda 0-0: Ball
1-0: Called Strike
1-1: Ball
2-1: Foul Ball, location: 2F
2-2: Ground out U3 (Groundball, 3)
Top of the 8th over - 1 run(s), 2 hit(s), 1 error(s), 1 left on base; Galesburg 2 - Connetquot 1
BOTTOM OF THE 8TH
Connetquot Chiefs batting - Pitching for Galesburg Guzzlers : RHP Ernst Chia
Now at 1B: Jim Unknown
Now at 2B: Barrett Drury
Batting: RHB Emanuel Bree 0-0: Foul Ball, location: 2F
0-1: Fly out, F8 (Flyball, 8LM)
Batting: RHB Dale Quick 0-0: Ball
1-0: Ball
2-0: Swinging Strike
2-1: Called Strike
2-2: Strikes out looking
Batting: RHB Javier Cordero 0-0: Ball
1-0: Ground out 5-3 (Groundball, 5)
Bottom of the 8th over - 0 run(s), 0 hit(s), 0 error(s), 0 left on base; Galesburg 2 - Connetquot 1
TOP OF THE 9TH
Galesburg Guzzlers batting - Pitching for Connetquot Chiefs : LHP Powell Beauregard
Pitching: LHP Mario Hurrado
Batting: RHB Willis Kirkendall 0-0: Foul Ball, location: 2F
0-1: Ball
1-1: Ball
2-1: Foul Ball, location: 2F
2-2: Ball
3-2: Base on Balls
Batting: RHB José Díaz 0-0: Ball
1-0: Bunted foul
1-1: Ball
2-1: Bunted foul
2-2: Fly out, F8 (Line Drive, 8LXD)
Batting: RHB José Alfaro 0-0: Ball
1-0: Ball
2-0: Fly out, F1 (Line Drive, 15S)
Pinch Hitting: RHB Jorge Velázquez 0-0: Called Strike
0-1: Ball
1-1: Foul Ball, location: 2F
1-2: Foul Ball, location: 2F
1-2: Fly out, F8 (Flyball, 8LM)
Top of the 9th over - 0 run(s), 0 hit(s), 0 error(s), 1 left on base; Galesburg 2 - Connetquot 1
BOTTOM OF THE 9TH
Connetquot Chiefs batting - Pitching for Galesburg Guzzlers : RHP Ernst Chia
Pitching: RHP Aubrey McCrimmon
Now at SS: Jorge Velázquez
Pinch Hitting: LHB Jim Unknown 0-0: Ball
1-0: Ball
2-0: Ball
3-0: Base on Balls
Batting: RHB Alfredo Escalante 0-0: Ball
1-0: Sac Bunt - play at first, batter safe!
Jim Unknown to second
Batting: RHB Creed Bratton 0-0: Reached on error, E3 (Groundball, 3S)
Jim Unknown scores
Alfredo Escalante to third
Batting: LHB Pedro Colón 0-0: SINGLE (Line Drive, 9)
Alfredo Escalante scores
Monday, March 20th, 2017 - OOTP Baseball 17.12 Build 75